Workbook

Sheet FAI ECOLOGIA
C3: Evaluación al Segundo Trimestre 2026
C4: Departamento: Ecología | H4: Trimestre reportado: Segundo Trimestre
C5: Eje: ecologia medio ambiente y sustentabilidad | H5: Responsable de Evaluación:
C6: Nombre programa: MEJORANDO LA ECOLOGÍA Y TU ECONOMÍA | H6: Fecha: 07 julio 2026
C8: C F | D8: INDICADORES | G8: MEDIOS DE VERIFICACIÓN | H8: SUPUESTOS | I8: AVANCE
D9: Nombre del indicador | E9: Método de cálculo | F9: Frecuencia de Medición | I9: Descripción de las actividades en estricta correlación a la meta y al método de cálculo | J9: Población beneficiaria | K9: Meta (real por periodo/acumulada) | L9: Numerador | M9: Denominador | N9: Meta alcanzada | O9: Variación | P9: Observaciones de la variación
B12: FIN | C12: Contribuir a impulsar la economía del Municipio y cuidado del medio ambiente a través de actividades de capacitación y concientización | D12: Tasa de variación de actividades impulsadas o apoyadas | E12: [(Número de actividades impulsadas o apoyadas en el año 2026 -número de actividades impulsadas o apoyadas en el año 2025)/numero de actividades impulsadas o apoyadas en el año 2025]*100 | F12: Anual | G12: Expediente de actividades impulsadas o apoyadas | H12: La población tiene conciencia de la cultura Ecológica y aumentan los empleos y autoempleos en actividades productivas localmente durante el año 2024 y 2025 | J12: 0 | K12: 0 | L12: 0 | M12: 0 | N12: NA | O12: NA
B13: PROPÓSITO | C13: La población del Municipio de San Joaquín, desarrolla actividades productivas que generan empleo y actividades de concientización del cuidado ambiental | D13: Porcentaje de actividades impulsadas o apoyadas | E13: (Numero de actividades impulsadas o apoyadas/ Numero de actividades existentes) *100 | F13: Anual | G13: Padrón de actividades existentes, Expediente de actividades que fueron apoyadas o impulsadas que generan empleo y cultura ambiental | H13: El Municipio se encuentra sin degradación ni contaminación y la población económicamente activa se emplea y autoemplea localmente. | J13: 0 | K13: 0 | L13: 0 | M13: 0 | N13: NA | O13: NA
B14: COMPONENTES | C14: Programa "Apoyando tu economia" | D14: Porcentaje de personas beneficiadas con la adquisicion de productos a bajo costo | E14: (Total de personas beneficiadas/total de productos entregados)*100 | F14: Semestral | G14: Carpeta con solicitudes recibidas, ine, recibo de pago, listas de asistencia y fotografias. | H14: los beneficiarios de este programa adquirieron productos a bajo costo. | J14: 217 | K14: 0.65 | L14: 217 | M14: 1234 | N14: NA | O14: NA
C15: Proyectos productivos activos y ejecutados. | D15: Porcentaje de proyectos productivos activos y ejecutados. | E15: (Total de los proyectos activos y ejecutados/total de proyectos atendidos)*100 | F15: Semestral | G15: Expediente del proyecto, fotografías y reporte de estatus de proyecto | H15: Que el presupuesto de egresos sufra modificaciones, cancelación de programas | J15: 0 | K15: 0.6 | L15: 0 | M15: 9 | N15: NA | O15: NA | P15: NO SE HA ENTREGADO NINGUNO
C16: Personas informadas sobre la concientización del cuidado del medio ambiente | D16: Porcentaje de personas informadas que contribuyen al cuidado y preservación del medio ambiente | E16: (Número de personas informadas/ número de personas convocadas) *100 | F16: Semestral | G16: Documento de planeación, listas de asistencia, fotografías | H16: Disponibilidad de Instituciones Educativas y población en general | J16: 0 | K16: 0.85 | L16: 300 | M16: 200 | N16: NA | O16: NA
C17: Dictamenes favorables emitidos por derribo y aprovechamiento de árboles | D17: Porcentaje de dictamenes favorables emitidos | E17: (número de dictamenes favorables emitidos/ número total de dictamenes emitidos) *100 | F17: Semestral | G17: Solicitudes recibidas, fotos, recibo de pago (en su caso) dictamen. | H17: Se cuenta con personal y vehículo disponible para la visita. | J17: 0 | K17: 0.9 | L17: 17 | M17: 17 | N17: NA | O17: NA
B18: ACTIVIDADES | C18: Administración del programa "Apoyando tu economia" | D18: Porcentaje de solicitudes ingresadas atendidas en la Direccion de Ecologia y Desarrollo Sustentable. | E18: (Número de solicitudes atendidas/nùmero de solicitudes recibidas)*100 | F18: Trimestral | G18: Solicitudes, listas de entrega, recibos de pago y fotografías | H18: los beneficiarios de este programa adquirieron productos a bajo costo. | J18: 72 | K18: 0.7 | L18: 72 | M18: 72 | N18: =L18/M18 -> 1 | O18: =N18-K18 -> 0.3
C19: Gestión y seguimiento de proyectos productivos, Estatales y/o Municipales | D19: Porcentaje de solicitudes ingresadas a ventanilla y a la Dirección de Ecología y Desarrollo Sustentable | E19: (Número de solicitudes atendidas/número de solicitudes recibidas)*100 | F19: Trimestral | G19: Solicitudes, expediente del proceso de gestión, listado de personas interesadas y fotografías | H19: Población muestra interés en obtener un proyecto productivo | K19: 0.7 | L19: 0 | M19: 9 | N19: =L19/M19 -> 0 | O19: =N19-K19 -> -0.7 | P19: NO SE HA ENTREGADO NINGUNO
C20: Visita e inspecciones para derribo y aprovechamiento de árboles | D20: Porcentaje de solicitudes atendidas | E20: (número de solicitudes atendidas/ número de solicitudes recibidas) *100 | F20: Trimestral | G20: Solicitudes recibidas, fotos y dictamenes. | H20: Se cuenta con personal y vehiculo disponible para la visita. | J20: 11 | K20: 0.85 | L20: 6 | M20: 6 | N20: =L20/M20 -> 1 | O20: =N20-K20 -> 0.15
C21: Programación talleres, pláticas y actividades de concientización del cuidado del medio ambiente | D21: Porcentaje de talleres, pláticas y actividades realizadas | E21: (número de actividades realizadas/número de actividades programadas)*100 | F21: Trimestral | G21: oficios emitidos, fotos, listas de asistencia, cronograma | H21: La población muestra interés en recibir los talleres y las pláticas informativas | K21: 0.8 | L21: 6 | M21: 3 | N21: =L21/M21 -> 2 | O21: =N21-K21 -> 1.2
D28: JUAN CARLOS GUERRERO TREJO | J28: JUAN CARLOS GUERRERO TREJO
J29: VALIDACIÓN DE LA INFORMACIÓN | L29: VALIDACIÓN DE LA INFORMACIÓN

Sheet RESULTADOS ECOLOGIA
A4: Evaluación al Primer Trimestre 2026
A5: Departamento: Ecología | F5: ='FAI ECOLOGIA'!H4 -> Trimestre reportado: Segundo Trimestre
A6: Eje: Ecología medio ambiente y sustentabilidad | F6: ='FAI ECOLOGIA'!H5 -> Responsable de Evaluación:
A7: ='FAI ECOLOGIA'!C6 -> Nombre programa: MEJORANDO LA ECOLOGÍA Y TU ECONOMÍA | F7: ='FAI ECOLOGIA'!H6 -> Fecha: 07 julio 2026
A24: N° | B24: Nombre del Indicador | F24: Estatus | G24: Validados
A25: 1 | B25: ='FAI ECOLOGIA'!D12 -> Tasa de variación de actividades impulsadas o apoyadas | F25: NA | G25: NA
A26: 2 | B26: ='FAI ECOLOGIA'!D13 -> Porcentaje de actividades impulsadas o apoyadas | F26: NA | G26: NA
A27: 3 | B27: ='FAI ECOLOGIA'!D14 -> Porcentaje de personas beneficiadas con la adquisicion de productos a bajo costo | F27: NA | G27: NA
B28: ='FAI ECOLOGIA'!D15 -> Porcentaje de proyectos productivos activos y ejecutados. | F28: NA | G28: NA
A29: 4 | B29: ='FAI ECOLOGIA'!D16 -> Porcentaje de personas informadas que contribuyen al cuidado y preservación del medio ambiente | F29: NA | G29: NA
A30: 5 | B30: ='FAI ECOLOGIA'!D17 -> Porcentaje de dictamenes favorables emitidos | F30: NA | G30: NA
A31: 6 | B31: ='FAI ECOLOGIA'!D18 -> Porcentaje de solicitudes ingresadas atendidas en la Direccion de Ecologia y Desarrollo Sustentable. | F31: =IF('FAI ECOLOGIA'!O18<0, "Meta NO Cumplida", "Meta Cumplida") -> Meta Cumplida | G31: NO
B32: ='FAI ECOLOGIA'!D19 -> Porcentaje de solicitudes ingresadas a ventanilla y a la Dirección de Ecología y Desarrollo Sustentable | F32: =IF('FAI ECOLOGIA'!O19<0, "Meta NO Cumplida", "Meta Cumplida") -> Meta NO Cumplida | G32: NO
A33: 7 | B33: ='FAI ECOLOGIA'!D20 -> Porcentaje de solicitudes atendidas | F33: =IF('FAI ECOLOGIA'!O20<0, "Meta NO Cumplida", "Meta Cumplida") -> Meta Cumplida | G33: NO
A34: 8 | B34: ='FAI ECOLOGIA'!D21 -> Porcentaje de talleres, pláticas y actividades realizadas | F34: =IF('FAI ECOLOGIA'!O21<0, "Meta NO Cumplida", "Meta Cumplida") -> Meta Cumplida | G34: NO
B35: INDICADORES CON META CUMPLIDA | F35: =COUNTIF(F25:F34, "META CUMPLIDA") -> 3 | G35: =COUNTIF(G25:G34, "SI") -> 0
